 Dungeon Crawl Stone Soup version 0.21.1-1-g345015f (webtiles) character file.

25 inc the Vexing (level 2, 0/11 HPs)
             Began as a Felid Enchanter on Feb 22, 2018.
             Slain by a goblin (4 damage)
             ... on level 2 of the Dungeon.
             The game lasted 00:02:12 (675 turns).

inc the Vexing (Felid Enchanter)                     Turns: 675, Time: 00:02:13

Health: 0/11       AC:  1    Str:  4    XL:     2   Next: 82%
Magic:  2/6        EV: 18    Int: 16    God:
Gold:   77         SH:  0    Dex: 16    Spells: 2/5 levels left
                                        Lives:  0   Deaths: 0

rFire    . . .     SeeInvis +     - Unarmed
rCold    . . .     Gourm    .   (shield unavailable)
rNeg     . . .     Faith    .   (armour unavailable)
rPois    .         Spirit   .   (helmet unavailable)
rElec    .         Reflect  .   (cloak unavailable)
rCorr    .         Harm     .   (gloves unavailable)
MR       .....                  (boots unavailable)
Stlth    +++.......             (no amulet)
HPRegen  0.03/turn              (no ring)
MPRegen  0.10/turn              (no ring)

@: quick
A: very small, no armour, no weapons or thrown items, stealth, claws 1, fangs 3,
see invisible, carnivore, speed 1, shaggy fur 1, slow metabolism 1, sharp paws
a: no special abilities


You were on level 2 of the Dungeon.
You were not hungry.

You visited 1 branch of the dungeon, and saw 2 of its levels.

You collected 77 gold pieces.

Inventory:

Scrolls
 e - 5 scrolls of identify {unknown}
 g - a scroll of enchant weapon {unknown}
 h - a scroll of magic mapping {unknown}
 j - a scroll of teleportation {unknown}
Potions
 c - 3 potions of curing {unknown}
 d - a potion of cancellation {unknown}
 f - 3 potions of haste {unknown}
 i - 2 potions of agility {unknown}
Books
 a - a book of Maledictions

   Spells                             Type                      Level
   a - Corona                         Hexes                        1
   b - Ensorcelled Hibernation        Hexes/Ice                    2
   c - Confuse                        Hexes                        3
   d - Tukima's Dance                 Hexes                        3
   e - Dazzling Spray                 Conjuration/Hexes            3
Comestibles
 b - 3 rations


   Skills:
 - Level 2.6 Dodging
 - Level 4.0 Stealth
 - Level 1.0 Unarmed Combat
 - Level 2.0 Spellcasting
 + Level 5.5 Hexes
 * Level 1.2 Ice Magic


You had 2 spell levels left.
You knew the following spells:

 Your Spells              Type           Power        Failure   Level  Hunger
a - Corona                Hex            ###....      2%          1    #......
b - Ensorcelled Hibernat  Hex/Ice        ##....       8%          2    ###....


Dungeon Overview and Level Annotations

Branches:
Dungeon (2/15)

Altars:
Xom
The Shining One


Innate Abilities, Weirdness & Mutations

You cannot wear armour.
You are incapable of wielding weapons or throwing items.
Your paws allow you to move quietly. (Stealth)
You have sharp claws.
You have razor-sharp teeth.
You have supernaturally acute eyesight. (SInv)
You are carnivorous and can eat meat at any time.
You cover ground quickly.
You are covered in fur. (AC +1)
You have a slow metabolism.
Your sharp claws are effective at attacking unaware monsters.


Message History

The jackal looks drowsy...
You pounce on the unaware helpless jackal!
You claw the jackal!
You kill the jackal!
(D) Dungeon
Where to? (Enter - D:2, ? - help)
Your magical contamination has completely faded away.
A goblin comes into view.
The goblin moves out of view.
Casting: Ensorcelled Hibernation
Confirm with . or Enter, or press ? or * to list all spells.
You don't have enough magic to cast that spell.
You completely miss the goblin. The goblin closely misses you.
You barely miss the goblin. You bite the goblin.
The goblin is moderately wounded.
The goblin barely misses you.
You scratch the goblin. Your bite misses the goblin.
The goblin is heavily wounded.
The goblin hits you.
You die...

♣.. . ..## ##P♣
...### ######
#PP♣♣♣P... ......
#..P♣♣...# ...### #
##...♣.P..# .....#.#
#.P.P♣PPg.# .....#.#
#...♣PP@<.# .(.....#
#..P...#### .8.._..#
#..♣P♣P# ......##
##.PP.####
.....######........
.....# #......##.##
.....# #.##...##.#
.#.(## #.##....#.#
...#####.##......###


You could see a goblin.

Vanquished Creatures
  3 bats
  A goblin (D:1)
  4 hobgoblins (D:1)
  5 jackals
  4 kobolds (D:1)
  3 frilled lizards (D:1)
  2 rats (D:1)
22 creatures vanquished.

Notes
Turn   | Place    | Note
-------+----------+-------------------------------------------
     0 | D:1      | inc the Felid Enchanter began the quest for the Orb.
     0 | D:1      | Reached XP level 1. HP: 7/7 MP: 4/4
   174 | D:1      | Reached skill level 5 in Hexes
   205 | D:1      | Reached XP level 2. HP: 8/11 MP: 6/6
   213 | D:1      | Learned a level 2 spell: Ensorcelled Hibernation
   590 | D:2      | Reached skill level 1 in Ice Magic
   606 | D:2      | Found a glowing golden altar of the Shining One.
   607 | D:2      | Found a shimmering altar of Xom.
   675 | D:2      | Slain by a goblin

Skill      XL: |  1  2 |
---------------+-------+-----
Hexes          | 5 |  5.5
Ice Magic      | 1 |  1.2
Dodging        | |  2.6
Stealth        | |  4.0
Unarmed Combat | |  1.0
Spellcasting   | |  2.0

Action                   || total
-------------------------++-------
Melee: Unarmed           ||    60
       Bite              ||     4
       Punch             ||     1
 Cast: Corona            ||     3
       Ensorcelled Hiber ||    10
 Stab: Sleeping          ||    14
  Eat: Chunk             ||     2
Armor: Skin              ||     3
Dodge: Dodged            ||    58
